AoeStats
← rafoBR

Lombardia

509737274Analyzed
3v3 RM · 5d ago on Sep 27, 2026· 59m 42s· 6 players
Game mode
Random Map
Map size
Normal (6 player)
Population
200
Speed
Normal
Resources
Standard
Victory
Conquest
Starting age
Dark Age
Ending age
Imperial Age
RankedLock teamsTeams togetherTeam positionsShared explorationLock speedFull tech treeHidden civsTurbo modeCheats
Victory
Defeat
🇦🇷 Saracens · Argentina
1271
+16
🇵🇪 Lithuanians · Peru
1241
+17
🇦🇷 Sicilians · Argentina
1170
+19
🇲🇽 Varangians · Mexico
1279
-18
🇦🇷 Inca · Argentina
1256
-17
🇧🇷 Malians · Brazil
1254
-17
rafoBR
11:14 Feudal Age
12:14 Loom
14:14 Wheelbarrow
17:48 Double-Bit Axe
20:43 Horse Collar
24:14 Castle Age
22:07 Stone Mining
22:08 Gold Mining
23:44 Forging
25:30 Bow Saw
24:45 Pikeman
26:53 Iron Casting
27:44 Squires
28:29 Scale Mail Armor
32:06 Stone Shaft Mining
31:36 Heavy Plow
32:07 Chain Mail Armor
31:52 Fletching
37:53 Imperial Age
35:09 Elite Skirmisher
38:15 Hand Cart
40:10 Gold Shaft Mining
40:11 Plate Mail Armor
40:44 Chemistry
39:48 Padded Archer Armor
39:55 Town Watch
40:09 Arson
40:47 Conscription
40:47 Caravan
41:57 Bodkin Arrow
43:13 Leather Archer Armor
43:06 Thumb Ring
43:00 Elite Gbeto
49:27 Tigui
51:36 Ring Archer Armor
53:34 Ballistics
55:48 Masonry
choripan con chimi
8:57 Loom
10:47 Feudal Age
11:34 Champi Runner
16:59 Castle Age
15:36 Double-Bit Axe
15:42 Gold Mining
17:37 Forging
17:41 Scale Mail Armor
18:41 Squires
18:58 Champi Warrior
20:42 Arson
23:01 Iron Casting
24:16 Chain Mail Armor
24:24 Horse Collar
24:42 Gold Mining
37:18 Imperial Age
35:26 Bow Saw
35:15 Pikeman
38:14 Wheelbarrow
37:40 Halberdier
39:59 Plate Mail Armor
40:29 Blast Furnace
40:55 Gold Shaft Mining
39:48 Elite Champi Warrior
40:52 Heavy Plow
44:16 Caravan
xblxavier
9:46 Feudal Age
9:46 Loom
11:49 Double-Bit Axe
13:04 Horse Collar
21:14 Castle Age
20:09 Scale Barding Armor
21:21 Forging
22:20 Heavy Plow
22:31 Bow Saw
22:52 Gold Mining
23:47 Wheelbarrow
25:33 Hand Cart
25:16 Stone Mining
27:43 Chain Barding Armor
28:57 Bloodlines
28:48 Husbandry
29:39 Stone Shaft Mining
32:10 Fervor
32:44 Iron Casting
33:03 Fletching
33:16 Town Watch
37:11 Imperial Age
37:19 Cavalier
38:53 Plate Barding Armor
38:42 Conscription
39:20 Crop Rotation
39:53 Two-Man Saw
40:48 Blast Furnace
39:12 Light Cavalry
39:47 Vendel Legacy
41:16 Guilds
41:07 Caravan
41:19 Gothikon
42:02 Elite Jarl
42:28 Treadmill Crane
43:40 Bodkin Arrow
44:08 Ballistics
44:48 Chemistry
44:22 Town Patrol
46:37 Bracer
46:47 Siege Engineers
46:52 Masonry
46:38 Murder Holes
54:09 Architecture
53:50 Fortified Wall
juanjemer
8:39 Loom
10:57 Feudal Age
11:06 Man-at-Arms
13:11 Double-Bit Axe
17:09 Wheelbarrow
19:58 Castle Age
18:37 Horse Collar
22:01 Bow Saw
22:49 Fletching
23:56 Crossbowman
28:34 Bodkin Arrow
28:57 Hand Cart
31:55 Heavy Plow
31:55 Gold Mining
37:52 Imperial Age
36:26 Bloodlines
36:17 Husbandry
35:38 Light Cavalry
36:44 Stone Mining
38:13 Forging
38:57 Bracer
38:20 Arbalester
39:48 Town Watch
41:00 Conscription
41:26 Padded Archer Armor
42:02 Iron Casting
41:43 Town Patrol
42:23 Ballistics
43:05 Chemistry
43:06 Gold Shaft Mining
42:42 Caravan
43:12 Coinage
43:11 Thumb Ring
43:09 Elite Mameluke
44:26 Hoardings
43:20 Elite Skirmisher
45:18 Fortified Wall
45:19 Masonry
46:22 Blast Furnace
45:30 Hussar
47:15 Leather Archer Armor
47:06 Scale Barding Armor
50:03 Counterweights
53:27 Chain Barding Armor
53:37 Ring Archer Armor
54:23 Siege Engineers
56:30 Plate Barding Armor
60:15 Banking
Mysa_
8:29 Loom
10:47 Feudal Age
15:11 Castle Age
14:01 Double-Bit Axe
13:59 Horse Collar
25:45 Gold Mining
27:46 Wheelbarrow
28:37 Scale Barding Armor
29:16 Bloodlines
30:09 Husbandry
30:21 Forging
32:02 Town Watch
35:18 Imperial Age
34:11 Chain Barding Armor
34:26 Iron Casting
34:37 Hand Cart
35:12 Caravan
35:39 Town Patrol
36:00 Bow Saw
35:54 Heavy Plow
36:38 Gold Shaft Mining
35:34 Cavalier
36:52 Plate Barding Armor
37:18 Blast Furnace
36:47 Conscription
37:13 Hauberk
37:52 Elite Serjeant
38:05 Pikeman
38:46 Squires
39:03 Scale Mail Armor
40:07 Chemistry
39:19 Arson
39:29 Man-at-Arms
39:45 Halberdier
40:57 Crop Rotation
40:20 Light Cavalry
41:16 Chain Mail Armor
41:11 Fletching
45:58 Plate Mail Armor
47:11 Siege Engineers
49:13 First Crusade
56:24 Masonry
LAO9
7:53 Loom
10:03 Feudal Age
11:12 Horse Collar
11:18 Double-Bit Axe
13:16 Forging
16:57 Gold Mining
19:58 Castle Age
18:47 Bloodlines
19:18 Scale Barding Armor
23:03 Fervor
23:36 Wheelbarrow
25:25 Town Watch
26:19 Husbandry
32:40 Stone Mining
34:18 Stone Shaft Mining
33:56 Bow Saw
35:00 Hand Cart
35:02 Heavy Plow
35:34 Town Patrol
36:17 Chain Barding Armor
36:32 Iron Casting
41:37 Imperial Age
39:32 Fletching
40:05 Ballistics
41:47 Cavalier
41:48 Light Cavalry
43:10 Conscription
43:27 Plate Barding Armor
43:25 Paladin
45:43 Caravan
46:28 Bodkin Arrow
49:25 Treadmill Crane
50:46 Chemistry
49:09 Winged Hussar
53:17 Bracer
53:18 Scale Mail Armor
53:30 Masonry
Connection lost

Rejoining the realm…

Still unreachable

The connection could not be restored.

Session expired

The server has moved on; the page needs a fresh start.